 Dungeon Crawl Stone Soup version 0.29.0-4-gdea44cf6ec (webtiles) character file.

Game seed: 11922831289986678336

125 qw the Chopper (level 5, -2/42 HPs)
             Began as a Barachi Chaos Knight on Sept 6, 2022.
             Slain by an orc priest
             ... wielding a +2 flail of distortion
              (15 damage)
             ... on level 3 of the Dungeon.
             The game lasted 00:00:58 (2495 turns).

qw the Chopper (Barachi Chaos Knight)               Turns: 2495, Time: 00:00:59

Health: -2/42      AC:  6    Str: 15    XL:     5   Next: 9%
Magic:  5/5        EV:  9    Int: 13    God:
Gold:   65         SH:  0    Dex: 11    Spells: 4/4 levels left

rFire   . . .      SeeInvis .   Y - +0 hand axe (chaos)
rCold   . . .      Faith    .   (no shield)
rNeg    . . .      Spirit   .   i - +0 scale mail
rPois   .          Reflect  .   (no helmet)
rElec   .          Harm     .   (no cloak)
rCorr   .          Rampage  .   (no gloves)
Will    .....                   (no boots)
Stlth   ..........              (no amulet)
HPRegen 0.14/turn               (no ring)
MPRegen 0.09/turn               (no ring)

@: slow
A: amphibious, slowness 1, strong legs 1, +LOS
a: Hop


You were on level 3 of the Dungeon.
You visited 1 branch of the dungeon, and saw 3 of its levels.

You collected 65 gold pieces.


Innate Abilities, Weirdness & Mutations

You are amphibious.
You cover ground slowly.
You can hop short distances.
You have an extended range of vision and can be seen from far away.


   Skills:
 + Level 3.7 Fighting
 - Level 6.1 Axes
 - Level 2.4 Armour
 - Level 1.1 Dodging


You had 4 spell levels left.
You didn't know any spells.
Your spell library was empty.

Inventory:

Hand Weapons
 e - a +0 whip
 Y - a +0 hand axe of chaos (weapon)
Armour
 i - a +0 scale mail (worn)
Potions
 f - a potion of haste {unknown}
 j - a potion of degeneration {unknown}
 k - a potion of might {unknown}
Miscellaneous
 c - a piece from Xom's chessboard (15/15)

Dungeon Overview and Level Annotations

Branches:
Dungeon (3/15)

Altars:

Annotations:
D:2 1 runed translucent door, Crazy Yiuf


Message History

Deactivating autopickup; reactivate with Ctrl-A.
There is a stone staircase leading up, spattered with blood here.
The orc priest shouts!
You hear a shout! x2
Something hits the bush.
The bush is poisoned.
An orc comes into view.
It is wielding a +0 short sword of venom.
The orc shouts!
The orc hits the bush but does no damage.
A frilled lizard comes into view.
The frilled lizard hisses angrily.
The orc hits the bush but does no damage.
Something hits the bush but does no damage.
The orc priest hits you with a +2 flail of distortion.
You hit the orc priest.
The orc priest is lightly wounded.
Something hits the bush but does no damage.
The orc priest looks braver for a moment.
You barely miss the orc priest.
The orc priest is lightly wounded.
The orc priest hits you but does no damage.
Space warps around you.
You closely miss the orc priest.
The orc priest is lightly wounded.
You hit something. You burn something. Something hits you but does no damage.
The orc priest invokes the aid of Beogh against you.
Pain shoots through your body!
You hit the orc priest.
The orc priest is poisoned.
The orc priest is moderately wounded.
You hit something.
A quokka comes into view.
Something hits you but does no damage.
The orc priest hits you but does no damage.
You blink.
Found a bubbling pink potion.
The quokka moves out of view.
You slash the frilled lizard!
You kill the frilled lizard!
The orc priest calls down the wrath of Beogh upon you.
Beogh smites you!
The orc priest hits you but does no damage.
Space warps horribly around you!
You die... 7P

.......#... 77..
......... .P.
.......! r.....
...... P....##....#
7P.#.##..#.## o
7P.#........##
.o777............##
..P........@......##
.....o....o........#
P........{..........
77..............#.
7.!............#
777..............#
....P............##
...........<.....##
..P.PP.###########


You could see an orc priest (very poisoned) and an orc.

Vanquished Creatures
  A bullfrog (D:3)
  2 adders (D:2)
  An orc (D:2)
  3 ball pythons
  5 endoplasms (D:1)
  3 goblins
  5 hobgoblins (D:1)
  2 jackals (D:2)
  6 kobolds
  4 bats
  6 frilled lizards
  5 rats
43 creatures vanquished.

Vanquished Creatures (others)
  5 fungi (D:2)
  10 plants
15 creatures vanquished.

Grand Total: 58 creatures vanquished

Notes
Turn   | Place    | Note
-------+----------+-------------------------------------------
     0 | D:1      | qw the Barachi Chaos Knight began the quest for the Orb.
     0 | D:1      | Reached XP level 1. HP: 18/18 MP: 1/1
     0 | D:1      | 0 ||| qw: Version: 0.1-a-108-g9e35731
     0 | D:1      | 0 ||| qw: Game counter: 6242
     0 | D:1      | 0 ||| qw: Always use a shield: true
     0 | D:1      | 0 ||| qw: God list: Okawaru
     0 | D:1      | 0 ||| qw: Allow faded altars: false
     0 | D:1      | 0 ||| qw: Do Orc after D:15 true
     0 | D:1      | 0 ||| qw: Do second Lair branch before Depths: true
     0 | D:1      | 0 ||| qw: Lair rune preference: random
     0 | D:1      | 0 ||| qw: Plans: Normal
     0 | D:1      | 0 ||| PLANNING D:1-11
     0 | D:1      | Fell from the grace of Xom
    17 | D:1      | XOM: 1-stop teleportation journey
    35 | D:1      | 35 ||| Stepping ~*~*~tactically~*~*~ (stealth).
    37 | D:1      | 37 ||| Stepping ~*~*~tactically~*~*~ (stealth).
    73 | D:1      | Reached XP level 2. HP: 24/24 MP: 2/2
   204 | D:1      | Reached skill level 4 in Axes
   307 | D:1      | 307 ||| Stepping ~*~*~tactically~*~*~ (stealth).
   487 | D:1      | 487 ||| Stepping ~*~*~tactically~*~*~ (stealth).
   733 | D:1      | Reached XP level 3. HP: 29/29 MP: 3/3
   792 | D:1      | 792 ||| Stepping ~*~*~tactically~*~*~ (stealth).
   797 | D:1      | 797 ||| Stepping ~*~*~tactically~*~*~ (stealth).
   798 | D:1      | 798 ||| Stepping ~*~*~tactically~*~*~ (stealth).
   802 | D:1      | 802 ||| Stepping ~*~*~tactically~*~*~ (stealth).
   915 | D:1      | 915 ||| Stepping ~*~*~tactically~*~*~ (stealth).
   918 | D:1      | 918 ||| Stepping ~*~*~tactically~*~*~ (stealth).
   927 | D:1      | HP: 7/29 [poisoned by a hobgoblin]
   928 | D:1      | HP: 2/29 [hobgoblin/+0 club (4)]
  1266 | D:1      | 1266 ||| DROPPING amulet of faith.
  1306 | D:2      | 1306 ||| DROPPING +0 club.
  1378 | D:2      | 1378 ||| Stepping ~*~*~tactically~*~*~ (stealth).
  1481 | D:2      | Reached skill level 5 in Axes
  1708 | D:2      | Found a faded altar of an unknown god.
  1808 | D:2      | Reached XP level 4. HP: 19/36 MP: 4/4
  1968 | D:2      | 1968 ||| Stepping ~*~*~tactically~*~*~ (stealth).
  2075 | D:2      | Found a runed translucent door.
  2076 | D:2      | Noticed Crazy Yiuf
  2079 | D:2      | 2079 ||| UPGRADING to +0 scale mail.
  2089 | D:2      | 2089 ||| DROPPING +2 leather armour.
  2090 | D:2      | 2090 ||| READING scroll labelled ZAUHINK NAITT.
  2091 | D:2      | 2091 ||| READING scroll labelled FUARUA LAKLUSHRY.
  2092 | D:2      | 2092 ||| DRINKING 2 yellow potions.
  2093 | D:2      | 2093 ||| DROPPING potion of brilliance.
  2123 | D:3      | Noticed a scorpion
  2131 | D:3      | Noticed a bullfrog
  2131 | D:3      | a scorpion changed into a bullfrog
  2142 | D:3      | Killed a bullfrog
  2143 | D:3      | Reached skill level 6 in Axes
  2143 | D:3      | Reached XP level 5. HP: 19/41 MP: 5/5
  2157 | D:3      | 2157 ||| FLEEEEING.
  2160 | D:3      | 2160 ||| STAIRDANCE
  2369 | D:3      | 2369 ||| STAIRDANCE
  2495 | D:3      | Slain by an orc priest

Levels and vault maps discovered:
D:1:      mrwooster_arrival_statue_3, layout_basic
D:2:      layout_loops_ring, shapermc_ecumenical_altar_mp_urbaneastern,
          uniq_crazy_yiuf_cottage
D:3:      layout_rooms, chequers_temple_overflow_statue_of_worship,
          kennysheep_boxes

Skill      XL: |  1  2  3  4 |
---------------+-------------+-----
Axes           | 4 5 6 |  6.1
Fighting       | |  3.7
Armour         | |  2.4
Dodging        | |  1.1

Action                   |  1- 3 |  4- 6 || total
-------------------------+-------+-------++-------
Melee: Hand axe          |   124 |    26 ||   150
Invok: Renounce Religion |     1 |       ||     1
  Use: Scroll            |       |     2 ||     2
       Potion            |       |     1 ||     1
Armor: Leather armour    |    38 |     1 ||    39
       Scale mail        |       |    13 ||    13
Dodge: Dodged            |    60 |    10 ||    70

Table legend:
 A = Non-vault XP
 B = Vault XP
 C = Vault XP percentage of total XP
 D = Non-vault monster count
 E = Vault monster count
 F = Vault count percentage of total count
                 A         B        C        D         E       F
            +---------+---------+-------+---------+---------+-------
      Total |     179 |       0 |   0.0 |      43 |       0 |   0.0
            +---------+---------+-------+---------+---------+-------
        D:1 |      40 |       0 |   0.0 |      26 |       0 |   0.0
        D:2 |      48 |       0 |   0.0 |      15 |       0 |   0.0
        D:3 |      91 |       0 |   0.0 |       2 |       0 |   0.0
            +---------+---------+-------+---------+---------+-------
